 Dungeon Crawl Stone Soup version 0.19.5 (webtiles) character file.

126 JeffiDaFish the Gusty (level 4, -7/34 HPs)
             Began as a Draconian Air Elementalist on Sept 13, 2017.
             Mangled by Pikel
             ... wielding a +2 whip of freezing
              (9 damage)
             ... on level 4 of the Dungeon.
             The game lasted 00:08:43 (2822 turns).

JeffiDaFish the Gusty (Draconian Air Elementalist)  Turns: 2822, Time: 00:08:44

Health: -7/34      AC:  5    Str: 10      XL:     4   Next: 83%
Magic:  1/8        EV: 12    Int: 15      God:
Gold:   153        SH:  5    Dex: 12 (13) Spells: 3 memorised, 2 levels left

rFire  . . .     SeeInvis .     h - +0 dagger (speed)
rCold  . . .     Gourm    .     (armour unavailable)
rNeg   . . .     Faith    .     e - +2 buckler
rPois  .         Spirit   .     (helmet restricted)
rElec  .         Reflect  .     (no cloak)
rCorr  .         Harm     .     (no gloves)
MR     .....                    (no boots)
Stlth  ++........               l - amulet of regeneration
                                (no ring)
                                (no ring)

@: sluggish, very slow
A: unfitting armour, cold-blooded, AC +5
a: no special abilities


You were on level 4 of the Dungeon.
You were not hungry.

You visited 1 branch of the dungeon, and saw 4 of its levels.

You collected 153 gold pieces.

Inventory:

Hand Weapons
 h - a +0 dagger of speed (weapon)
 j - a +0 spear
Armour
 e - a +2 buckler (worn)
Jewellery
 l - an amulet of regeneration (around neck)
Wands
 c - a wand of digging (13/24)
Scrolls
 g - 3 scrolls of remove curse
 k - a scroll of identify
Potions
 i - a potion of heal wounds
Books
 a - a book of Air

   Spells                             Type                      Level
   a - Shock                          Conjuration/Air              1
   b - Swiftness                      Charms/Air                   2
   c - Repel Missiles                 Charms/Air                   2
   d - Static Discharge               Conjuration/Air              3
   e - Lightning Bolt                 Conjuration/Air              5
Comestibles
 b - 3 bread rations
 d - 2 fruits
 f - a meat ration


   Skills:
 - Level 0.4 Fighting
 - Level 2.2 Dodging
 - Level 2.2 Stealth
 * Level 1.2 Shields
 + Level 2.7 Spellcasting
 + Level 2.0 Conjurations
 + Level 0.8 Charms
 + Level 3.6 Air Magic


You had 2 spell levels left.
You knew the following spells:

 Your Spells              Type           Power        Failure   Level  Hunger
a - Shock                 Conj/Air       ##..         10%         1    #......
b - Swiftness             Chrm/Air       #.......     21%         2    ##.....
c - Static Discharge      Conj/Air       ##......     28%         3    ###....


Dungeon Overview and Level Annotations

Branches:
Dungeon (4/15)
 Temple: D:4-7

Altars:
The Shining One

Annotations:
D:4 Pikel


Innate Abilities, Weirdness & Mutations

Your plain brown scales are hard. (AC +5)
You cannot fit into any form of body armour.
You are cold-blooded and may be slowed by cold attacks.


Message History

You closely miss Pikel.
Pikel is severely wounded.
Pikel hits you with a whip of freezing. Pikel freezes you.
You hit Pikel but do no damage.
Pikel is severely wounded.
You start to feel a little faster.
You feel yourself speed up. Pikel hits you but does no damage.
Your magical contamination has completely faded away.
You hit Pikel but do no damage.
Your tail-slap misses Pikel.
Pikel is severely wounded.
You miss Pikel.
Pikel is severely wounded.
Pikel hits you with a whip of freezing!
* * * LOW HITPOINT WARNING * * *
Pikel freezes you.
* * * LOW HITPOINT WARNING * * *
You completely miss Pikel.
Pikel is severely wounded.
Pikel hits you with a whip of freezing!
You die...

#.# #. #.# #. #.# #. #.#
.K #.# ... ## #p #.# ###
#.. . #. ##.####.## #.#
.# . #p###........#
#.##.##..# #ppK@........#
#...... .# #.###..#.....#
...#.##..# ## #..#.#..##
.....##..# #..#.#..#
.<.......# #.......#
.........#########.#.#.##
#.........<............#
.>.#.##..##.######.#.###
.........##.######.#.#


You could see Pikel and 3 slaves.

Vanquished Creatures
  Jessica (D:2)
  2 adders
  3 worms
  6 dart slugs
  7 leopard geckos
  A ball python (D:2)
  4 giant cockroaches
  4 goblins (D:2)
  6 hobgoblins
  3 jackals (D:2)
  A quokka (D:3)
  2 bats
  4 frilled lizards
  4 kobolds
  10 rats
58 creatures vanquished.

Notes
Turn   | Place    | Note
-------+----------+-------------------------------------------
     0 | D:1      | JeffiDaFish the Draconian Air Elementalist began the quest for the Orb.
     0 | D:1      | Reached XP level 1. HP: 14/14 MP: 3/3
   250 | D:1      | Reached XP level 2. HP: 19/20 MP: 1/5
   353 | D:1      | Learned a level 2 spell: Swiftness
   828 | D:2      | Reached XP level 3. HP: 26/26 MP: 6/6
   865 | D:2      | Learned a level 3 spell: Static Discharge
   875 | D:2      | Noticed Jessica
   890 | D:2      | Killed Jessica
  1149 | D:2      | Reached XP level 4. HP: 29/34 MP: 6/8
  2272 | D:3      | Reached skill level 1 in Shields
  2634 | D:3      | Found a glowing golden altar of the Shining One.
  2784 | D:4      | Noticed Pikel
  2784 | D:4      | Noticed a slave
  2784 | D:4      | Noticed a slave
  2784 | D:4      | Noticed a slave
  2784 | D:4      | Noticed a slave
  2821 | D:4      | HP: 1/34 [Pikel/whip of freezing (4)]
  2822 | D:4      | Mangled by Pikel

Skill      XL: |  1  2  3  4 |
---------------+-------------+-----
Stealth        | 2 |  2.2
Dodging        | 2 |  2.2
Shields        | 1 |  1.2
Conjurations   | 2 |  2.0
Fighting       | |  0.4
Spellcasting   | |  2.7
Charms         | |  0.8
Air Magic      | |  3.6

Action                   |  1- 3 |  4- 6 || total
-------------------------+-------+-------++-------
Melee: Dagger            |    35 |   141 ||   176
       Unarmed           |    10 |       ||    10
       Tailslap          |     8 |    10 ||    18
       Short sword       |    24 |       ||    24
 Cast: Shock             |    40 |    29 ||    69
       Static Discharge  |     1 |     7 ||     8
       Swiftness         |       |     2 ||     2
  Use: Scroll            |     3 |     4 ||     7
       Potion            |     2 |     3 ||     5
 Stab: Sleeping          |       |     1 ||     1
  Eat: Chunk             |     1 |     7 ||     8
Armor: Skin              |    24 |    20 ||    44
Dodge: Dodged            |    40 |    62 ||   102
Block: Buckler           |       |    20 ||    20
